 Dungeon Crawl Stone Soup version 0.27-a0-380-g150de4c316 (webtiles) character file.

Game seed: 17451085745150782988

171 wakim the Conjurer (level 5, -5/28 HPs)
             Began as a Deep Elf Conjurer on Feb 17, 2021.
             Slain by a two-headed ogre
             ... wielding a +0 giant spiked club
              (15 damage)
             ... on level 4 of the Dungeon.
             The game lasted 00:08:55 (3187 turns).

wakim the Conjurer (Deep Elf Conjurer)              Turns: 3187, Time: 00:08:56

Health: -5/28      AC:  4    Str:  5    XL:     5   Next: 26%
Magic:  0/13       EV: 13    Int: 23    God:
Gold:   128        SH:  0    Dex: 13    Spells: 2/13 levels left

rFire    . . .     SeeInvis .   q - +1 dagger
rCold    . . .     Faith    .   (no shield)
rNeg     . . .     Spirit   +   e - +0 robe
rPois    .         Reflect  .   (no helmet)
rElec    .         Harm     .   (no cloak)
rCorr    .         Rampage  .   d - +0 pair of gloves
Will     .....                  l - +0 pair of boots
Stlth    ++........             p - amulet of guardian spirit
HPRegen  0.09/turn              (no ring)
MPRegen  0.13/turn              (no ring)

@: very slightly contaminated
A: no striking features
a: no special abilities


You were on level 4 of the Dungeon.
You visited 1 branch of the dungeon, and saw 4 of its levels.

You collected 128 gold pieces.

Inventory:

Hand Weapons
 q - a +1 dagger (weapon)
Armour
 d - a +0 pair of gloves (worn)
 e - a +0 robe (worn)
 l - a +0 pair of boots (worn)
Jewellery
 p - an amulet of guardian spirit (around neck)
Scrolls
 b - 7 scrolls of identify
 c - 4 scrolls of teleportation
 i - 2 scrolls of fog
 o - a scroll of noise
Potions
 a - a potion of invisibility {unknown}
 f - 3 potions of curing
 g - a potion of lignification {unknown}
 h - a potion of resistance {unknown}
 j - a potion of magic {unknown}
 k - a potion of haste {unknown}
 m - a potion of might {unknown}
 n - a potion of flight {unknown}


   Skills:
 + Level 2.6 Dodging
 + Level 2.7 Stealth
 + Level 4.5 Spellcasting
 * Level 6.0 Conjurations
 * Level 1.6 Hexes
 * Level 1.2 Translocations


You had 2 spell levels left.
You knew the following spells:

 Your Spells              Type           Power        Failure   Level
a - Magic Dart            Conj           100%         1%          1
b - Searing Ray           Conj           66%          1%          2
c - Fulminant Prism       Conj/Hex       11%          21%         4
d - Iskenderun's Mystic   Conj/Tloc      22%          22%         4

Your spell library contained the following spells:

 Spells                   Type           Power        Failure   Level
 Dazzling Flash           Conj/Hex       44%          6%          3


Dungeon Overview and Level Annotations

Branches:
Dungeon (4/15)
 Temple: D:4-7

Altars:
Gozag
Makhleb
Nemelex Xobeh
Uskayaw
Zin

Annotations:
D:3 2 runed translucent doors, PeterLawrence's ghost, amateur MiFi


Message History

Press: ? - help, Shift-Dir - straight line, f - two-headed ogre
Aim: a two-headed ogre, wielding a +0 giant spiked club and a +0 giant club (9% to evade)
The searing ray hits the two-headed ogre!
The two-headed ogre is moderately wounded. (Press . to maintain the ray.)
The adder hisses angrily.
The searing ray hits the two-headed ogre.
The two-headed ogre is moderately wounded.
The searing ray hits the two-headed ogre!
The two-headed ogre is heavily wounded.
Casting: Searing Ray (safe; 1% risk of failure)
Confirm with . or Enter, or press ? or * to list all spells.
The spell is extremely dangerous to cast (22% risk of failure)!
Continue anyway?
You miscast Iskenderun's Mystic Blast.
You are very lightly contaminated with residual magic.
Nothing appears to happen.
The two-headed ogre barely misses you. x2
Casting: Iskenderun's Mystic Blast (extremely dangerous; 22% risk of failure)
Confirm with . or Enter, or press ? or * to list all spells.
The spell is extremely dangerous to cast (22% risk of failure)!
Continue anyway?
You erupt in a blast of force!
The mystic blast hits the adder.
The adder is heavily wounded.
The adder is knocked back by the mystic blast.
The mystic blast hits the two-headed ogre.
The two-headed ogre is heavily wounded.
The two-headed ogre closely misses you.
The two-headed ogre hits you with a +0 giant club!!
Ouch! That really hurt!
* * * LOW HITPOINT WARNING * * *
Your magical contamination has completely faded away.
You hear the brisk rusting of a distant drain.
There is a stone staircase leading up here.
Casting: Iskenderun's Mystic Blast (extremely dangerous; 22% risk of failure)
Confirm with . or Enter, or press ? or * to list all spells.
The spell is extremely dangerous to cast (22% risk of failure)!
Continue anyway?
You miscast Iskenderun's Mystic Blast.
You are very lightly contaminated with residual magic.
Nothing appears to happen.
The two-headed ogre hits you with a +0 giant spiked club!
Ouch! That really hurt!
You die...

####....####............
###.................#
##...#####......... ##...##
##.....#... ##..#.##
#..##..##..
######..###.####..##..###.
#.......###..##...##..###.
#.###..................##..
##....@O...####.......#
#.....S....###..##...#
#...........#...##....
#...............##..#.
................#.##..##
#.>.............#..#..##
...................#..##
..###.........##........##
#. #.........###.......#.


You could see a two-headed ogre and an adder.

Vanquished Creatures
  An orc wizard (D:3)
  A hound skeleton (D:4)
  5 adders
  An adder skeleton (D:4)
  2 worms
  3 dart slugs
  3 leopard geckos
  3 orcs (D:3)
  5 giant cockroaches
  9 hobgoblins
  4 jackals (D:3)
  5 kobolds
  A quokka (D:3)
  9 bats
  2 frilled lizards
  6 goblins
  10 rats
70 creatures vanquished.

Notes
Turn   | Place    | Note
-------+----------+-------------------------------------------
     0 | D:1      | wakim the Deep Elf Conjurer began the quest for the Orb.
     0 | D:1      | Reached XP level 1. HP: 10/10 MP: 6/6
   112 | D:1      | Reached XP level 2. HP: 15/15 MP: 5/8
   156 | D:1      | Learned a level 2 spell: Searing Ray
   437 | D:1      | Reached skill level 5 in Conjurations
   737 | D:1      | Reached XP level 3. HP: 19/19 MP: 8/10
  1098 | D:2      | Found a hide-covered altar of Uskayaw.
  1241 | D:2      | Reached XP level 4. HP: 24/24 MP: 3/12
  1314 | D:2      | Learned a level 4 spell: Fulminant Prism
  1319 | D:2      | Learned a level 4 spell: Iskenderun's Mystic Blast
  1851 | D:3      | Found a runed translucent door.
  1852 | D:3      | Noticed a bullfrog
  1853 | D:3      | Noticed PeterLawrence's ghost (amateur MiFi)
  2081 | D:3      | Found a runed translucent door.
  2179 | D:3      | Found a faded altar of an unknown god.
  2190 | D:3      | Reached skill level 1 in Hexes
  2257 | D:3      | Found an opulent altar of Gozag.
  2257 | D:3      | Found a sparkling altar of Nemelex Xobeh.
  2456 | D:3      | Reached skill level 6 in Conjurations
  2456 | D:3      | Reached skill level 1 in Translocations
  2456 | D:3      | Reached XP level 5. HP: 28/28 MP: 9/13
  2521 | D:3      | Noticed a balrug
  2522 | D:3      | Found a burning altar of Makhleb.
  2525 | D:3      | Found a glowing silver altar of Zin.
  2525 | D:3      | Noticed an angel
  3141 | D:4      | Noticed a two-headed ogre
  3187 | D:4      | Slain by a two-headed ogre

Illustrated notes

Levels and vault maps discovered:
D:1:      amcnicky_arrival_blooded_trapdoor, layout_loops_cross
D:2:      layout_basic, lemuel_round_altar, minmay_misc_feat_room
D:3:      layout_rooms, grunt_temple_overflow_order_and_chaos_2,
          grunt_temple_overflow_opulence, ebering_ghost_sewer_f,
          chequers_ecumenical_altar_island, serial_co_window_serial,
          co_window_corner_a, co_window_corner_a, co_window_paths_b,
          co_window_cross_1, co_window_of_opportunity_a,
          co_window_of_opportunity_a, co_window_corner_b,
          co_window_of_opportunity_b, co_window_corner_cb, co_window_4corner_b,
          glass_columns_a, glass_columns_c, glass_columns_a, glass_columns_b
D:4:      layout_layer_cave, portal_sewer_entry_e

Skill      XL: |  1  2  3  4 |
---------------+-------------+-----
Conjurations   | 5 6 |  6.0
Spellcasting   | 4 |  4.5
Hexes          | 1 |  1.6
Translocations | 1 |  1.2
Dodging        | |  2.6
Stealth        | |  2.7

Action                   |  1- 3 |  4- 6 || total
-------------------------+-------+-------++-------
 Cast: Magic Dart        |    57 |    32 ||    89
       Searing Ray       |     4 |     9 ||    13
       Iskenderun's Myst |       |     1 ||     1
  Use: Scroll            |       |     5 ||     5
Armor: Robe              |     1 |       ||     1
Dodge: Dodged            |     2 |     9 ||    11

Table legend: (Time is in decaauts)
 A = Elapsed time spent in this place.
 B = Non-inter-level travel time spent in this place.
 C = Inter-level travel time spent in this place.
 D = Time resting spent in this place.
 E = Time spent auto-exploring this place.
 F = Levels seen in this place.
 G = Mean time per level.
                   A        B        C        D        E       F      G
               +--------+--------+--------+--------+--------+-----+--------+
         Total |   3195 |   2984 |    211 |    562 |   1957 |   4 |  798.8 |
       Dungeon |   3195 |   2984 |    211 |    562 |   1957 |   4 |  798.8 |
               +--------+--------+--------+--------+--------+-----+--------+

Top non-repeatable levels by time:
     D:3: 1202 daAuts
     D:1: 895 daAuts
     D:2: 824 daAuts
     D:4: 273 daAuts
